 Dungeon Crawl Stone Soup version 0.31-a0-222-gefeffbb62a (webtiles) character file.

Game seed: 10517830838811985875

30 BritishOli the Trooper (level 3, -1/29 HPs)
             Began as a Demonspawn Fighter on July 5, 2023.
             Slain by Sigmund
             ... wielding a +0 scythe
              (8 damage)
             ... on level 3 of the Dungeon.
             The game lasted 00:01:09 (1113 turns).

BritishOli the Trooper (Demonspawn Fighter)         Turns: 1113, Time: 00:01:10

Health: -1/29      AC:  6    Str: 18    XL:     3   Next: 3%
Magic:  3/3        EV:  9    Int:  9    God:
Gold:   83         SH:  4    Dex: 12    Spells: 2/2 levels left

rFire   . . .        a - +0 war axe
rCold   . . .        c - +0 buckler
rNeg    . . .        b - +0 scale mail
rPois   .            (no helmet)
rElec   .            (no cloak)
rCorr   .            (no gloves)
SInv    .            (no boots)
Will    .....        (no amulet) Stlth
                     (no ring)
HPRegen 0.24/turn    (no ring)
MPRegen 0.08/turn

%: no passive effects
@: no status effects
A: demonic guardian 1
a: no special abilities


You were on level 3 of the Dungeon.
You visited 1 branch of the dungeon, and saw 3 of its levels.

You collected 83 gold pieces.

Inventory:

Hand Weapons
 a - a +0 war axe (weapon)
Armour
 b - a +0 scale mail (worn)
 c - a +0 buckler (worn)
Scrolls
 e - a scroll of noise {unknown}
 h - a scroll of revelation {unknown}
Potions
 d - a potion of might
 f - a potion of invisibility {unknown}
 g - 2 potions of haste


   Skills:
 + Level 3.3 Fighting
 + Level 2.2 Axes
 - Level 3.0 Armour
 - Level 3.0 Shields


You had 2 spell levels left.
You didn't know any spells.
Your spell library was empty.

Dungeon Overview and Level Annotations

Branches:
Dungeon (2/15)

Altars:

Annotations:
D:3 Sigmund


Innate Abilities, Weirdness & Mutations

A weak demonic guardian rushes to your aid.


Message History

You are too injured to fight recklessly!
You are too injured to fight recklessly!
You barely miss Sigmund.
Your iron imp hits Sigmund!
You barely miss Sigmund.
Sigmund is moderately wounded.
Sigmund hits you but does no damage.
Your iron imp barely misses Sigmund.
You barely miss Sigmund.
Sigmund is moderately wounded.
Sigmund gestures wildly while chanting.
Sigmund flickers and vanishes!
Deactivating autopickup; reactivate with Ctrl-A.
Your iron imp misses something.
Something hits you.
* * * LOW HITPOINT WARNING * * *
You aren't carrying any items that you can evoke.
Unknown command.
It was a potion of haste.
You feel yourself speed up.
Your iron imp barely misses something.
You barely miss something.
You hear some strange, mumbled words.
A magic dart appears from out of thin air!
The magic dart hits you.
* * * LOW HITPOINT WARNING * * *
Your iron imp misses something.
Something hits you.
* * * LOW HITPOINT WARNING * * *
Your iron imp hits something!
A rat comes into view.
You slash the rat!
You kill the rat!
Your extra speed is starting to run out.
You feel yourself slow down. Something hits you.
* * * LOW HITPOINT WARNING * * *
You closely miss something.
Sigmund appears from thin air!
Reactivating autopickup.
Sigmund closely misses you.
You closely miss Sigmund.
Sigmund is heavily wounded.
Sigmund hits you with a +0 scythe!
You die...

#.......................
##.####.##########.#.###
#.# #.# #.#.# # #.# #.#
#.#.# # #.# #.# #.#.# #
#.# #.# #######.#.# #
#.# #.# #.......#.# #
#.# #@# #.#######.# #
#.# #@# #.# #.# #.# #.#
#.# #.# #.# #.####.#
#.####### #......#
#........ #.####.#
######### ### ###


You could see Sigmund.

Vanquished Creatures
  A dart slug (D:2)
  3 endoplasms
  2 giant cockroaches
  A goblin (D:1)
  3 hobgoblins
  3 kobolds
  3 quokkas (D:2)
  A ball python (D:1)
  5 bats (D:1)
  A frilled lizard (D:1)
  4 rats
27 creatures vanquished.

Notes
Turn   | Place    | Note
-------+----------+-------------------------------------------
     0 | D:1      | BritishOli the Demonspawn Fighter began the quest for the
                  | Orb.
     0 | D:1      | Reached XP level 1. HP: 18/18 MP: 1/1
   196 | D:1      | Gained mutation: A weak demonic guardian rushes to your
                  | aid. [demonic ancestry]
   196 | D:1      | Reached XP level 2. HP: 24/24 MP: 2/2
   653 | D:1      | Found a faded altar of an unknown god.
   971 | D:2      | Reached XP level 3. HP: 20/29 MP: 3/3
  1017 | D:2      | You fall into a shaft and drop 1 floor!
  1051 | D:3      | Noticed Sigmund
  1059 | D:3      | HP: 1/29 [something (2)]
  1113 | D:3      | Slain by Sigmund

Illustrated notes

Levels and vault maps discovered:
D:1:      mainiacjoe_arrival_reflecting_pool, layout_loops_corners,
          ebering_ecumenical_altar_rust
D:2:      layout_basic, minmay_quantized
D:3:      layout_basic, general_overflow_altar, okawaru_altar_gauntlet_db,
          uniq_sigmund

Skill      XL: |  1  2 |
---------------+-------+-----
Axes           | 2 |  2.2
Armour         | 3 |  3.0
Shields        | 3 |  3.0
Fighting       | |  3.3

Action                     || total
---------------------------++-------
  Melee: War axe           ||    81
    Use: Potion            ||     1
 Armour: Scale mail        ||    54
  Dodge: Dodged            ||    28
  Block: Buckler           ||    19

Table legend: (Time is in decaauts)
 A = Elapsed time spent in this place.
 B = Non-inter-level travel time spent in this place.
 C = Inter-level travel time spent in this place.
 D = Time resting spent in this place.
 E = Time spent auto-exploring this place.
 F = Levels seen in this place.
 G = Mean time per level.
                   A        B        C        D        E       F      G
               +--------+--------+--------+--------+--------+-----+--------+
         Total |   1132 |   1108 |     24 |      0 |    874 |   3 |  377.3 |
       Dungeon |   1132 |   1108 |     24 |      0 |    874 |   3 |  377.3 |
               +--------+--------+--------+--------+--------+-----+--------+

Top non-repeatable levels by time:
     D:1: 895 daAuts
     D:2: 154 daAuts
     D:3: 82 daAuts
